 Dungeon Crawl Stone Soup version 0.22-a0-433-gd2a9cce (webtiles) character file.

255269 inmateoo the Executioner (level 19, -4/180 HPs)
             Began as a Minotaur Air Elementalist on May 28, 2018.
             Was the Champion of Okawaru.
             Slain by a vault warden
             ... wielding a +0 war axe
              (13 damage)
             ... on level 3 of the Vaults.
             The game lasted 00:56:22 (39338 turns).

inmateoo the Executioner (MiAE)                    Turns: 39338, Time: 00:56:22

Health: -4/180     AC: 28    Str: 29    XL:     19   Next: 42%
Magic:  28/28      EV: 10    Int: 16    God:    Okawaru [******]
Gold:   1733       SH: 19    Dex: 11    Spells: 14/20 levels left

rFire    + . .     SeeInvis .   P - +4 broad axe (freeze)
rCold    + . .     Gourm    +   S - +1 large shield {reflect}
rNeg     + . .     Faith    .   b - +8 chain mail of Olach {+Inv rElec Str+5 Int+4}
rPois    +         Spirit   .   v - +0 hat
rElec    +         Reflect  +   j - scarf {repulsion}
rCorr    .         Harm     .   F - +2 pair of gloves {Str+3}
MR       +....                  h - +2 pair of boots
Stlth    ..........             z - amulet of the gourmand
HPRegen  0.40/turn              f - ring of protection from cold
MPRegen  0.21/turn              O - ring "Asaefaan" {rPois rF+ rN+ Stlth+}

@: very slightly contaminated, repel missiles
A: retaliatory headbutt, horns 2
}: 1/15 runes: serpentine
a: Heroism, Finesse, Renounce Religion, Evoke Invisibility


You were on level 3 of the Vaults.
You worshipped Okawaru.
Okawaru was exalted by your worship.
You were not hungry.

You visited 5 branches of the dungeon, and saw 30 of its levels.
You visited the Abyss 1 time.
You also visited: Labyrinth and Ice Cave.

You collected 3820 gold pieces.
You spent 2087 gold pieces at shops.

Inventory:

Hand Weapons
 I - a +3 broad axe of draining
 P - a +4 broad axe of freezing (weapon)
Armour
 b - the +8 chain mail of Olach (worn) {+Inv rElec Str+5 Int+4}
   (You found it on level 3 of the Lair of Beasts)

   It affects your strength (+5).
   It affects your intelligence (+4).
   It insulates you from electricity.
   It lets you turn invisible.
 h - a +2 pair of boots (worn)
 j - a scarf of repulsion (worn)
 v - a +0 hat (worn)
 F - a +2 pair of gloves of strength (worn)
 S - a +1 large shield of reflection (worn)
Jewellery
 f - a ring of protection from cold (left hand)
 n - a cursed -3 ring of protection {unknown}
 z - an amulet of the gourmand (around neck)
 O - the ring "Asaefaan" (right hand) {rPois rF+ rN+ Stlth+}
   (You found it on level 1 of the Orcish Mines)

   [ring of protection from fire]

   It protects you from fire.
   It protects you from poison.
   It protects you from negative energy.
   It makes you more stealthy.
Wands
 m - a wand of paralysis (16)
 o - a wand of digging (25)
 y - a wand of acid (7)
 H - a wand of clouds (1)
 J - a wand of polymorph (10)
Scrolls
 d - 14 scrolls of teleportation
 g - 13 scrolls of remove curse
 p - 9 scrolls of fog
 r - 2 scrolls of magic mapping
 B - 2 scrolls of blinking
 C - 4 scrolls of amnesia
 K - a scroll of holy word
 M - a scroll of fear
 R - 9 scrolls of identify
 U - 4 scrolls of enchant armour
Potions
 a - 2 potions of brilliance
 e - 2 potions of ambrosia
 i - a potion of berserk rage
 k - 13 potions of curing
 l - 5 potions of might
 q - 6 potions of resistance
 s - 8 potions of haste
 t - a potion of agility
 u - a potion of invisibility
 w - 4 potions of flight
 x - 4 potions of lignification
 A - 2 potions of magic
 D - 4 potions of heal wounds
 E - 3 potions of cancellation
 Q - 2 potions of mutation
Miscellaneous
 L - a phial of floods
Comestibles
 c - 50 rations


   Skills:
 + Level 18.4 Fighting
 * Level 23.5 Axes
 + Level 14.5 Armour
 - Level 10.0 Dodging
 - Level 1.5 Stealth
 + Level 9.3 Shields
 - Level 1.3 Spellcasting
   Level 0.6 Conjurations
 - Level 8.0 Necromancy
   Level 2.1 Air Magic
 - Level 14.0 Invocations


You had 14 spell levels left.
You knew the following spells:

 Your Spells              Type           Power        Failure   Level  Hunger
a - Simulacrum            Ice/Necr       ##........   100%        6    #######

Your spell library contained the following spells:

 Spells                   Type           Power        Failure   Level  Hunger
 Magic Dart               Conj           #...         99%         1    ##.....
 Apportation              Tloc           #.....       99%         1    ##.....
 Conjure Flame            Conj/Fire      #.......     100%        3    ####...
 Bolt of Cold             Conj/Ice       #.........   100%        6    #######
 Lightning Bolt           Conj/Air       #.........   100%        5    ######.
 Bolt of Magma            Conj/Fire/Erth #.........   100%        5    ######.
 Slow                     Hex            #.......     100%        2    ###....
 Invisibility             Hex            #.......     100%        6    #######
 Controlled Blink         Tloc           N/A          100%        8    #######
 Freezing Cloud           Conj/Ice/Air   #.........   100%        6    #######
 Mephitic Cloud           Conj/Pois/Air  #.......     100%        3    ####...
 Blink                    Tloc           N/A          100%        2    ###....
 Iskenderun's Mystic Bla  Conj           #.......     100%        4    #####..
 Ozocubu's Refrigeration  Ice            #.........   100%        6    #######
 Call Imp                 Summ           #.......     100%        2    ###....
 Tukima's Dance           Hex            #.......     100%        3    ####...
 Stone Arrow              Conj/Erth      #.....       100%        3    ####...
 Shock                    Conj/Air       #...         97%         1    ##.....
 Swiftness                Chrm/Air       #.......     99%         2    ###....
 Statue Form              Tmut/Erth      #........    100%        6    #######
 Ice Form                 Ice/Tmut       #.......     100%        4    #####..
 Airstrike                Air            #.........   100%        4    #####..
 Metabolic Englaciation   Hex/Ice        #.........   100%        5    ######.
 Summon Butterflies       Summ           #.......     99%         1    ##.....
 Dispersal                Tloc           #.........   100%        6    #######
 Static Discharge         Conj/Air       #.......     100%        3    ####...
 Alistair's Intoxication  Tmut/Pois      #.......     100%        5    ######.
 Sandblast                Erth           #.....       99%         1    ##.....
 Passage of Golubria      Tloc           N/A          100%        4    #####..
 Leda's Liquefaction      Hex/Erth       #.........   100%        4    #####..
 Shroud of Golubria       Chrm/Tloc      #.........   100%        2    ###....
 Fulminant Prism          Conj/Hex       #.........   100%        4    #####..
 Dazzling Spray           Conj/Hex       #.....       100%        3    ####...
 Force Lance              Conj/Tloc      #.......     100%        4    #####..
 Searing Ray              Conj           #.....       100%        2    ###....
 Lesser Beckoning         Tloc           #.........   100%        3    ####...


Dungeon Overview and Level Annotations

Branches:
Dungeon (15/15)            Temple (0/1) D:4            Lair (6/6) D:9
  Swamp (0/4) Lair:2        Snake (4/4) Lair:4        Slime (0/5) Lair:6
    Orc (2/2) D:12            Elf (0/3) Orc:2        Vaults (3/5) D:14
  Crypt (0/3) Vaults:2     Depths (0/5) D:15

Altars:
Ashenzari
Cheibriados
Dithmenos
Elyvilon
Fedhas
Gozag
Hepliaklqana
Kikubaaqudgha
Makhleb
Okawaru
Ru
Trog
Uskayaw
Xom
Yredelemnul

Shops:
D:7 !   D:8 }   D:9 }   D:10 !   D:12 *   D:13 [   Orc:2 }}[*(*}   Snake:1 *

Portals:
Hell: Lair:6

Annotations:
D:13 Rupert


Innate Abilities, Weirdness & Mutations

You reflexively headbutt those who attack you in melee.
You have a pair of horns on your head.


Message History

The ogre mage hits you but does no damage.
The boggart is engulfed in noxious fumes.
The boggart appears confused.
The vault guard is engulfed in noxious fumes.
The vault guard hits you but does no damage.
You can move again.
You see here a large rock.
Unknown command.
You hit the boggart. You freeze the boggart.
The boggart is severely wounded.
The vault warden blocks your attack.
You slice the ironbrand convoker!! You freeze the ironbrand convoker.
You slice the ogre mage!! You freeze the ogre mage! You slash the stone giant!
You freeze the stone giant! You hit the ogre but do no damage.
You slash the vault guard! You freeze the vault guard.
The two-headed ogre seems less confused.
You block the ogre mage's attack.
The vault warden is engulfed in noxious fumes.
The vault warden hits you with a war axe!
You die...

......#...# #.......# #..#
......#...# ######### #..#
......#.. #..# #######...
#..#
....#################..####
.....................(.....
.............O.(....(......
.........CO............####
.........O@p...........#
........(pgp...........#
.........§§§§....(.....#
.........§§§.).........#
.........§O......).....#
..................)....+
.#############.........#
.....+.........#
......#.........#


You could see a stone giant, a vault warden, a vault guard, a two-headed ogre,
an ogre mage, an ironbrand convoker (confused), 2 ogres and a boggart
(confused).

Vanquished Creatures
  Bai Suzhen (Vaults:3)
  A tentacled starspawn (Abyss:2)
  A sphinx (Vaults:2)
  Frances (Snake:2)
  Kirke (D:14)
  8 nagarajas
  Roxanne (D:15)
  Aizul (Snake:4)
  2 deep elf sorcerers (Vaults:3)
  A vault warden (Vaults:2)
  4 orc warlords
  4 ironheart preservers
  3 very ugly things (Vaults:1)
  A war gargoyle (Vaults:2)
  3 stone giants (Vaults:2)
  A deep elf demonologist (Vaults:3)
  A white draconian (IceCv)
  Snorg (D:13)
  A minotaur (Lab)
  5 ogre magi
  A fire dragon (Vaults:2)
  3 great orbs of eyes (Vaults:2)
  A yaktaur captain (Vaults:1)
  A rakshasa (Vaults:2)
  13 naga warriors
  4 vault guards (D:14)
  7 hydras
  A great orb of eyes (shapeshifter) (D:15)
  4 anacondas
  7 centaur warriors
  13 two-headed ogres
  A death yak (IceCv)
  A tengu warrior (D:14)
  2 large abominations (Abyss:2)
  4 thrashing horrors (Abyss:2)
  An orc high priest (Orc:2)
  7 shock serpents
  16 naga sharpshooters
  2 deep elf knights (Vaults:3)
  Urug (Lair:5)
  2 sun demons
  6 skeletal warriors (Vaults:2)
  4 salamander mystics
  A fire crab (shapeshifter) (Vaults:3)
  2 wretched stars (Abyss:2)
  A death drake (Abyss:2)
  2 flayed ghosts
  2 unseen horrors
  4 naga ritualists
  A deep elf archer (Vaults:1)
  4 wizards
  10 ironbrand convokers
  7 orc knights
  5 harpies (Vaults:2)
  A wolf spider zombie (D:14)
  2 wolf spiders
  8 orc sorcerers
  4 mana vipers
  2 necromancers
  A sphinx skeleton (Vaults:2)
  5 deep elf magi
  5 elephants (Lair:6)
  28 ugly things
  2 manticores
  4 cyclopes
  3 guardian serpents
  2 oklob plants (Lair:1)
  An ice statue (IceCv)
  17 salamanders
  Joseph (Lair:1)
  3 stone giant skeletons (Vaults:2)
  7 vault sentinels
  2 gargoyles (D:14)
  An orange demon (Abyss:2)
  A smoke demon (Abyss:2)
  18 naga magi
  4 centaur zombies
  37 black mambas
  A redback zombie (D:15)
  4 kobold demonologists (D:13)
  A yaktaur (shapeshifter) (Vaults:2)
  10 spiny frogs
  4 yaktaurs
  2 freezing wraiths
  6 rime drakes
  9 komodo dragons
  2 ancient zymes (Abyss:2)
  A hellwing (Lair:6)
  A tengu conjurer (D:14)
  5 ice devils
  An efreet (D:14)
  3 human skeletons (Vaults:2)
  2 red devils (Lair:6)
  A polar bear (shapeshifter) (D:14)
  2 yaktaur skeletons (Vaults:2)
  3 trolls
  19 polar bears
  3 slime creatures
  2 hornets
  4 raiju (Abyss:2)
  A dream sheep (shapeshifter) (Vaults:2)
  An ettin zombie (Vaults:1)
  11 blink frogs (Lair:3)
  10 hippogriffs
  A meliai zombie (D:13)
  A centaur simulacrum (D:14)
  A tarantella (shapeshifter) (Vaults:3)
  A wraith (Abyss:2)
  A vampire (D:15)
  A ynoxinul (Abyss:2)
  2 hogs (D:14)
  A human (D:12)
  3 wyverns
  48 yaks
  3 basilisks
  2 hungry ghosts
  4 vampire mosquitoes (D:14)
  2 neqoxecs (Abyss:2)
  2 elf skeletons
  Menkaure (D:7)
  2 chaos spawn (Abyss:2)
  71 nagas
  7 wargs
  16 water moccasins
  3 acid dragons
  7 porcupines
  A deep troll skeleton (Vaults:2)
  A black bear (D:13)
  5 hell hounds (Lair:6)
  8 ice beasts
  48 orc warriors
  2 sky beasts
  2 phantoms
  An ettin simulacrum (Vaults:1)
  21 wolves (IceCv)
  21 centaurs
  19 ogres
  6 necrophages
  3 boggarts (Vaults:3)
  2 eyes of draining
  A wolf (shapeshifter) (Vaults:2)
  17 crocodiles
  An orc skeleton (Vaults:2)
  A big kobold (D:13)
  A human zombie (Vaults:1)
  15 bullfrogs
  A wyvern skeleton (D:10)
  4 scorpions
  15 wights
  3 killer bees (D:12)
  2 howler monkeys
  12 crimson imps
  A hound (D:8)
  2 quasits
  2 yaktaur simulacra (Vaults:1)
  15 jellies
  Crazy Yiuf (D:2)
  35 orc priests
  A bullfrog skeleton (D:12)
  6 centaur skeletons
  An iron imp (Abyss:2)
  51 orc wizards
  Jessica (D:3)
  Natasha (thrice) (D:2)
  Terence (D:2)
  3 iguanas
  3 polar bear simulacra (D:13)
  15 worker ants
  A yak simulacrum (D:13)
  4 wolf simulacra (D:13)
  The ghost of 4thArraOfDagon the Magician, a weakling OpWz (D:3)
  Robin (D:2)
  12 adders
  6 shadow imps
  2 white imps (Abyss:2)
  An ufetubus (Abyss:2)
  4 oozes
  An adder skeleton (D:4)
  An adder zombie (D:9)
  A worm (D:2)
  3 dart slugs
  4 leopard geckos
  94 orcs
  2 ball pythons (D:1)
  5 giant cockroaches
  15 goblins
  7 hobgoblins
  5 jackals
  17 kobolds
  3 quokkas
  A ball python skeleton (D:5)
  9 bats
  5 frilled lizards
  A jackal zombie (D:9)
  A leopard gecko skeleton (D:7)
  A quokka skeleton (D:9)
  8 rats
  3 river rat simulacra (D:13)
  A spectral orc (D:4)
  3 fungi (Lair:6)
  8 plants
  A starspawn tentacle (Abyss:2)
1217 creatures vanquished.

Vanquished Creatures (collateral kills)
  An ettin (Orc:1)
  A vampire mage (Vaults:3)
  2 orc knights
  A deep elf mage (Vaults:3)
  An orc sorcerer (Orc:2)
  A vault sentinel (Vaults:3)
  A warg (Orc:2)
  4 orc warriors (Orc:2)
  An ogre (Orc:2)
  An orc (Vaults:3)
14 creatures vanquished.

Vanquished Creatures (others)
  An ironheart preserver (Vaults:3)
  2 yaktaur captains (Vaults:3)
  A naga sharpshooter (Snake:4)
  A deep elf mage (Vaults:2)
  4 yaktaurs
  3 humans (D:14)
  2 nagas (Snake:1)
  An orc wizard (Orc:2)
  An orc (Vaults:3)
  15 fungi
  A lurking horror (Abyss:2)
  11 plants
  A starspawn tentacle (Abyss:2)
44 creatures vanquished.

Grand Total: 1275 creatures vanquished

Notes
Turn   | Place    | Note
-------+----------+-------------------------------------------
     0 | D:1      | inmateoo the Minotaur Air Elementalist began the quest for the Orb.
     0 | D:1      | Reached XP level 1. HP: 14/14 MP: 1/1
    59 | D:1      | Reached skill level 1 in Fighting
   106 | D:1      | Reached XP level 2. HP: 21/24 MP: 3/3
   873 | D:2      | Noticed Robin
   979 | D:1      | Reached skill level 1 in Armour
  1038 | D:2      | Reached XP level 3. HP: 31/31 MP: 4/4
  1082 | D:2      | Killed Robin
  1385 | D:2      | Noticed Natasha
  1400 | D:2      | Killed Natasha
  1400 | D:2      | Reached XP level 4. HP: 29/40 MP: 5/5
  1497 | D:2      | Noticed Terence
  1533 | D:2      | Killed Terence
  1554 | D:2      | Noticed Natasha
  1565 | D:2      | Killed Natasha
  1565 | D:2      | Reached XP level 5. HP: 47/47 MP: 6/6
  1714 | D:2      | Found a runed door.
  2268 | D:3      | Noticed Jessica
  2277 | D:3      | Killed Jessica
  2456 | D:3      | Reached skill level 5 in Fighting
  2543 | D:3      | Found a faded altar of an unknown god.
  2550 | D:3      | Noticed 4thArraOfDagon's ghost (weakling OpWz)
  2670 | D:2      | Noticed Crazy Yiuf
  2912 | D:2      | Noticed Natasha
  2927 | D:2      | Killed Natasha
  3106 | D:2      | Killed Crazy Yiuf
  3281 | D:3      | Killed 4thArraOfDagon's ghost
  3281 | D:3      | Reached XP level 6. HP: 53/56 MP: 7/7
  3970 | D:3      | Found an opulent altar of Gozag.
  4252 | D:4      | Reached skill level 5 in Armour
  4372 | D:4      | Found a basalt altar of Yredelemnul.
  4726 | D:4      | Found a staircase to the Ecumenical Temple.
  4731 | D:4      | Found a shimmering altar of Xom.
  4731 | D:4      | Found an iron altar of Okawaru.
  4731 | D:4      | Found a snail-covered altar of Cheibriados.
  4731 | D:4      | Found a shadowy altar of Dithmenos.
  4732 | D:4      | Found a shattered altar of Ashenzari.
  4732 | D:4      | Found a hide-covered altar of Uskayaw.
  4733 | D:4      | Found a hide-covered altar of Uskayaw.
  4733 | D:4      | Found a basalt altar of Yredelemnul.
  4733 | D:4      | Found a blossoming altar of Fedhas.
  4733 | D:4      | Found a sacrificial altar of Ru.
  4733 | D:4      | Found an ancient bone altar of Kikubaaqudgha.
  4733 | D:4      | Found a bloodstained altar of Trog.
  4735 | D:4      | Became a worshipper of Warmaster Okawaru
  4761 | D:5      | Entered Level 5 of the Dungeon
  4798 | D:5      | Reached XP level 7. HP: 40/64 MP: 8/8
  4998 | D:5      | Found a hide-covered altar of Uskayaw.
  5067 | D:5      | HP: 2/66 [something (6)]
  5345 | D:5      | Reached * piety under Okawaru
  5450 | D:5      | Reached XP level 8. HP: 61/74 MP: 9/9
  6287 | D:6      | Reached skill level 1 in Shields
  6606 | D:7      | Found a white marble altar of Elyvilon.
  6644 | D:7      | Noticed Menkaure
  6651 | D:7      | Killed Menkaure
  6657 | D:7      | Reached ** piety under Okawaru
  7351 | D:7      | Found Waong's Distillery.
  7354 | D:7      | Bought a potion of heal wounds for 70 gold pieces
  7354 | D:7      | Bought a potion of heal wounds for 70 gold pieces
  7422 | D:8      | Noticed a hippogriff
  7434 | D:8      | Killed a hippogriff
  7434 | D:8      | Reached XP level 9. HP: 69/84 MP: 10/10
  7442 | D:8      | Reached skill level 5 in Dodging
  7604 | D:8      | Reached skill level 1 in Axes
  7625 | D:8      | Noticed a two-headed ogre
  7754 | D:8      | Reached skill level 2 in Axes
  7807 | D:8      | Reached skill level 10 in Fighting
  7815 | D:8      | Reached skill level 3 in Axes
  7816 | D:8      | Reached *** piety under Okawaru
  7857 | D:8      | Reached skill level 4 in Axes
  7909 | D:8      | Reached skill level 5 in Axes
  8139 | D:8      | Reached skill level 6 in Axes
  8159 | D:8      | Reached skill level 7 in Axes
  8173 | D:8      | Found Ugugat's Gadget Emporium.
  8236 | D:8      | Found a hazy altar of Hepliaklqana.
  8625 | D:8      | Reached skill level 8 in Axes
  8796 | D:9      | Reached **** piety under Okawaru
  8827 | D:9      | Reached skill level 9 in Axes
  8838 | D:9      | Reached XP level 10. HP: 73/92 MP: 11/11
  8917 | D:9      | Found Paefada's Gadget Emporium.
  8947 | D:9      | Reached skill level 10 in Axes
  9186 | D:9      | Found a staircase to the Lair.
  9482 | D:10     | Entered Level 10 of the Dungeon
  9494 | D:10     | Reached skill level 11 in Axes
  9518 | D:10     | Reached ***** piety under Okawaru
  9744 | D:10     | Found Zeegag's Distillery.
  9750 | D:10     | Reached skill level 12 in Axes
 10207 | D:11     | Reached skill level 13 in Axes
 10409 | D:12     | Found Cihiolisch's Assorted Antiques.
 10415 | D:12     | Bought a scroll labeled ACAECK YCIO for 24 gold pieces
 10415 | D:12     | Bought a scroll labeled XEUXZEVI FAOT for 24 gold pieces
 10469 | D:12     | Paralysed by a hornet for 2 turns
 10562 | D:12     | Noticed a centaur warrior
 10574 | D:12     | Killed a centaur warrior
 10574 | D:12     | Reached XP level 11. HP: 91/98 MP: 12/12
 10585 | D:12     | Reached skill level 14 in Axes
 10616 | D:12     | Found a staircase to the Orcish Mines.
 10994 | D:12     | Received a gift from Okawaru
 11012 | D:12     | Got a faintly glowing executioner's axe {god gift}
 11032 | D:12     | Identified the +6 executioner's axe of the Butterfly {pain, rElec rPois Dex+2} (Okawaru gifted it to you on level 12 of the Dungeon)
 11159 | D:12     | Reached skill level 15 in Axes
 11546 | D:13     | Noticed a centaur warrior
 11564 | D:13     | Killed a centaur warrior
 11588 | D:13     | Received a gift from Okawaru
 11589 | D:13     | Noticed Snorg
 11610 | D:13     | Killed Snorg
 11610 | D:13     | Reached skill level 5 in Shields
 11646 | D:13     | Found Qouruk's Antique Armour Emporium.
 12050 | D:13     | Reached skill level 16 in Axes
 12058 | D:13     | Found a frozen archway.
 12072 | D:13     | Reached skill level 1 in Invocations
 12091 | D:13     | Reached XP level 12. HP: 42/107 MP: 13/13
 12150 | IceCv    | Entered an ice cave
 13666 | IceCv    | Noticed a death yak
 13682 | IceCv    | Reached ****** piety under Okawaru
 13687 | IceCv    | Killed a death yak
 13687 | IceCv    | Received a gift from Okawaru
 13827 | IceCv    | Noticed a white draconian
 13846 | IceCv    | Killed a white draconian
 13853 | IceCv    | Reached skill level 17 in Axes
 13853 | IceCv    | Reached skill level 10 in Armour
 13889 | IceCv    | Got an encrusted chain mail
 13907 | IceCv    | Identified the +8 chain mail "Inomiq" {rC+ Dex+4} (You found it in an ice cave)
 14428 | D:13     | Noticed Rupert
 14432 | D:13     | Received a gift from Okawaru
 14436 | D:13     | Reached XP level 13. HP: 116/117 MP: 12/15
 14765 | D:13     | Got a faintly humming plate armour {god gift}
 14879 | D:13     | Bought a pair of runed gloves for 240 gold pieces
 14879 | D:13     | Bought a pair of embroidered gloves for 240 gold pieces
 14916 | D:14     | Reached skill level 5 in Invocations
 14962 | D:14     | Identified the +0 plate armour of Ruotzof {rF+ Int+4} (Okawaru gifted it to you on level 13 of the Dungeon)
 15015 | D:14     | Identified the Tome of Displacement
 15121 | D:14     | Found a gate to the Vaults.
 15423 | Orc:1    | Entered Level 1 of the Orcish Mines
 15456 | Orc:1    | Noticed an orc warlord
 15472 | Orc:1    | Killed an orc warlord
 15842 | Orc:2    | Entered Level 2 of the Orcish Mines
 15862 | Orc:2    | Paralysed by an orc sorcerer for 5 turns
 15930 | Orc:2    | Noticed an orc warlord
 15947 | Orc:2    | Killed an orc warlord
 15950 | Orc:2    | Paralysed by an orc sorcerer for 3 turns
 15955 | Orc:2    | Reached skill level 18 in Axes
 15969 | Orc:2    | Found Wiehupo's Gadget Emporium.
 15985 | Orc:2    | Found a labyrinth entrance.
 15995 | Lab      | Entered a labyrinth
 16200 | Lab      | Found an exit through the horrors of the Abyss.
 16429 | Lab      | Noticed a minotaur
 16440 | Lab      | Killed a minotaur
 16450 | Lab      | Got a faintly glowing quarterstaff
 16473 | Orc:2    | Received a gift from Okawaru
 16696 | Orc:2    | Found Hyloo's Gadget Shop.
 16716 | Orc:2    | Paralysed by an orc sorcerer for 3 turns
 16739 | Orc:2    | HP: 4/119 [orc priest/divine providence (13)]
 17211 | Orc:2    | Found Juzeno's General Store.
 17211 | Orc:2    | Found Baoskann's Antique Armour Boutique.
 17211 | Orc:2    | Found Mopsul's General Store.
 17248 | Orc:2    | Found Fodah's Antique Weapon Shop.
 17254 | Orc:2    | Bought a potion of heal wounds for 80 gold pieces
 17254 | Orc:2    | Bought 3 scrolls of teleportation for 144 gold pieces
 17309 | Orc:2    | Found a staircase to the Elven Halls.
 17395 | Orc:2    | Found Gehoiluw's Gadget Boutique.
 17726 | Orc:1    | Noticed an ettin
 17742 | Orc:1    | Killed an ettin
 17831 | Orc:1    | Noticed an orc warlord
 18328 | Orc:2    | Received a gift from Okawaru
 18491 | Orc:2    | Killed an orc warlord
 18491 | Orc:2    | Reached XP level 14. HP: 63/127 MP: 17/19
 18810 | Orc:1    | Noticed an orc warlord
 18834 | Orc:1    | Killed an orc warlord
 18871 | Orc:1    | Got a shimmering brass ring
 18873 | Orc:1    | Got a sparkling copper ring
 19002 | Orc:1    | Identified the ring "Asaefaan" {rPois rF+ rN+ Stlth+} (You found it on level 1 of the Orcish Mines)
 19004 | Orc:1    | Identified the ring "Nudikh" {*Tele Slay+3} (You found it on level 1 of the Orcish Mines)
 19075 | Orc:2    | Bought a scroll of blinking for 90 gold pieces
 19075 | Orc:2    | Bought a potion of agility for 48 gold pieces
 19075 | Orc:2    | Bought a potion of curing for 36 gold pieces
 19263 | D:7      | Bought 2 potions of haste for 280 gold pieces
 19263 | D:7      | Bought a potion of curing for 42 gold pieces
 19263 | D:7      | Bought a potion of curing for 42 gold pieces
 19263 | D:7      | Bought a potion of haste for 140 gold pieces
 19263 | D:7      | Bought a potion of haste for 140 gold pieces
 19263 | D:7      | Bought a potion of might for 56 gold pieces
 19263 | D:7      | Bought a potion of might for 56 gold pieces
 19355 | D:10     | Bought a potion of haste for 160 gold pieces
 19408 | Lair:1   | Entered Level 1 of the Lair of Beasts
 19442 | Lair:1   | Identified the +5 quarterstaff of the Stork {pain, Dex+6} (You found it in a labyrinth)
 19461 | Lair:1   | Noticed Joseph
 19473 | Lair:1   | Killed Joseph
 19591 | Lair:1   | Identified a scroll of acquirement
 19621 | Lair:1   | Reached skill level 19 in Axes
 20367 | Lair:2   | Found a staircase to the Swamp.
 20825 | Lair:3   | Learned a level 6 spell: Simulacrum
 20976 | Lair:3   | Got an ichor-stained chain mail
 20987 | Lair:3   | Identified the +2 chain mail of Forking Paths {MP+9 Int+3} (You found it on level 3 of the Lair of Beasts)
 21113 | Lair:3   | Reached skill level 1 in Necromancy
 21194 | Lair:3   | Got a faintly glowing chain mail
 21205 | Lair:3   | Identified the +8 chain mail of Olach {+Inv rElec Str+5 Int+4} (You found it on level 3 of the Lair of Beasts)
 21480 | Lair:3   | Reached XP level 15. HP: 137/137 MP: 20/20
 21540 | Lair:4   | Found a staircase to the Snake Pit.
 21556 | Lair:4   | Reached skill level 20 in Axes
 22468 | Lair:5   | Noticed Urug
 22482 | Lair:5   | Killed Urug
 22619 | Lair:5   | Received a gift from Okawaru
 23132 | Lair:6   | Entered Level 6 of the Lair of Beasts
 23272 | Lair:6   | Received a gift from Okawaru
 23628 | Lair:6   | Found a staircase to the Slime Pits.
 23668 | Lair:6   | Found the +8 demon blade "Bloodbane" {slice, *Rage +Rage Stlth-}
 23900 | Lair:6   | Reached XP level 16. HP: 108/147 MP: 21/21
 24187 | Lair:6   | Found a burning altar of Makhleb.
 24192 | Lair:6   | Found a gateway to Hell.
 25005 | D:14     | Noticed Kirke
 25017 | D:14     | Killed Kirke
 25072 | D:14     | Reached skill level 5 in Necromancy
 25916 | D:15     | Entered Level 15 of the Dungeon
 26236 | D:15     | Noticed Roxanne
 26259 | D:15     | Killed Roxanne
 26259 | D:15     | Reached skill level 21 in Axes
 26260 | D:15     | Identified Roxanne's Grimoire of Clay (You took it off Roxanne on level 15 of the Dungeon)
 26435 | D:15     | Got a slimy cloak
 26446 | D:15     | Identified the +1 cloak of Miskeuje {Str+4} (You acquired it on level 15 of the Dungeon)
 26516 | D:15     | Found a staircase to the Depths.
 27202 | Snake:1  | Entered Level 1 of the Snake Pit
 27215 | Snake:1  | Found Nosoagepp's Assorted Antiques.
 27234 | Snake:1  | Bought a potion of curing for 105 gold pieces
 27584 | Snake:1  | Received a gift from Okawaru
 27730 | Snake:1  | Reached skill level 15 in Fighting
 28609 | Snake:2  | Found the +9 sword of Zonguldrok {reap}
 28674 | Snake:2  | HP: 7/149 [naga warrior/dire flail (3)]
 28703 | Snake:2  | HP: 4/149 [anaconda (7)]
 28922 | Snake:2  | Noticed Frances
 28936 | Snake:2  | Killed Frances
 29286 | Snake:1  | Reached XP level 17. HP: 57/156 MP: 22/22
 30574 | Snake:3  | Received a gift from Okawaru
 30853 | Snake:3  | Reached skill level 22 in Axes
 31263 | Snake:4  | Entered Level 4 of the Snake Pit
 32982 | Snake:4  | Noticed Aizul
 33006 | Snake:4  | Killed Aizul
 33700 | Snake:4  | Reached skill level 10 in Invocations
 33837 | Snake:4  | Received a gift from Okawaru
 34165 | Snake:4  | Reached skill level 10 in Dodging
 34201 | Snake:4  | Reached XP level 18. HP: 95/166 MP: 24/24
 34449 | Snake:4  | Got a serpentine rune of Zot
 34833 | Vaults:1 | Entered Level 1 of the Vaults
 35278 | Vaults:1 | Reached skill level 23 in Axes
 36350 | Vaults:2 | Received a gift from Okawaru
 37400 | Vaults:2 | Received a gift from Okawaru
 37467 | Vaults:2 | Reached XP level 19. HP: 69/179 MP: 28/28
 37501 | Vaults:2 | Found a staircase to the Crypt.
 38153 | Vaults:3 | Noticed Bai Suzhen
 38174 | Vaults:3 | Killed Bai Suzhen
 38222 | Vaults:3 | Cast into level 2 of the Abyss (a deep elf sorcerer)
 38737 | Vaults:3 | Escaped the Abyss
 38748 | Vaults:3 | HP: 7/180 [orc knight/enchanted long sword (15)]
 39336 | Vaults:3 | Paralysed by an ogre mage for 2 turns
 39336 | Vaults:3 | HP: 9/180 [stone giant/large rock (14)]
 39338 | Vaults:3 | Slain by a vault warden

Vault maps used:
D:1:      elethiomel_arrival_quiet, feat_on_display
D:2:      minmay_cut_off, uniq_natasha, uniq_robin, uniq_crazy_yiuf_cottage,
          uniq_terence
D:3:      chequers_ecumenical_altar_simple_redux, grunt_gozag_breadcrumbs,
          uniq_jessica
D:4:      cheibrodos_helix_gallery, yredelemnul_forgotten_temple_becter,
          temple_doors_ab
D:5:      first_ration, basic_altar
D:7:      nicolae_overflow_crystal_walls, serial_shops,
          nicolae_shop_behind_doors, uniq_menkaure
D:8:      nicolae_overflow_hidden_temple, serial_shops, shop
D:9:      lair_entry_dummy, serial_shops, kennysheep_little_box
D:10:     serial_shops, shop, hangedman_decor_opposing
D:12:     david_orc_2, serial_shops, shop, grunt_pizzeria
D:13:     serial_shops, nicolae_shop_crystal, portal_ice_cave_demonic_guard,
          eino_house_with_fridge, uniq_snorg, uniq_rupert
D:14:     minmay_wavy_crystal, lightli_vaults_fourway_checkpoint,
          hangedman_abyss_or_decor_stagger, uniq_kirke
D:15:     hangedman_depths_entry_try_elsewhere_first, minmay_unpleasant_kobolds,
          uniq_roxanne
Lair:1:   minmay_lair_oklob_chamber, grunt_megastairs_3, uniq_joseph
Lair:2:   swamp_mist, bh_autumn_forest_stairs, zaba_anthole
Lair:3:   lemuel_fruit_fields
Lair:4:   guppyfry_snake_entry_garden
Lair:5:   uniq_urug
Lair:6:   evil_forest, minmay_slime_entry_jelly_boxes
Snake:1:  serial_shops, nicolae_shop_statue_plus, grunt_ministairs_12,
          grunt_megastairs_1
Snake:2:  uniq_frances
Snake:4:  minmay_snake_end_coiled, uniq_aizul
Orc:1:    nicolae_orc_stony_grotto, minmay_orc_treasury
Orc:2:    st_orc_mages, lab_entry_generic, serial_shops,
          nicolae_shop_behind_doors, nicolae_shop_trees, shop
Vaults:1: vaults_room_grunt_arrival_ludios, ontoclasm_vaults_tryst,
          nicolae_vaults_octagons, v_misc_25, vaults_room_door_ring, v_misc_30,
          ontoclasm_vaults_gateway, nicolae_vaults_little_squares_4
Vaults:2: minmay_crypt_entry_skeletal_spiral, v_misc_18, vaults_room_door_hall,
          v_misc_23, vaults_standard_mumra_enter_the_diamond, vaults_room_fours,
          hangedman_vaults_hard_town_square, v_misc_27, nicolae_vaults_alarming,
          ontoclasm_vaults_ring_small, vaults_dpeg_diagonal
Vaults:3: ontoclasm_vaults_ring_square, nicolae_vaults_diagonal_hallway_7,
          vaults_standard_mumra_x, vaults_room_door_hall, vaults_room_pool,
          uniq_margery, uniq_bai_suzhen
Abyss:2:  patterned_corridor
Lab:      labyrinth_fake_exit, lab_hedge
IceCv:    ice_cave_caverns_01

Skill      XL: |  1  2  3  4  5  6  7  8  9 10 11 12 13 14 15 16 17 18 19 |
---------------+----------------------------------------------------------+-----
Fighting       | 2 3 4 5 6 8 9 10 11 12 13 14 15 16 18 | 18.4
Armour         | 1 2 3 4 5 7 8 10 11 12 13 14 | 14.5
Shields        | 4 5 7 8 9 |  9.3
Dodging        | 4 5 6 8 10 | 10.0
Axes           | 9 13 16 17 18 19 20 21 22 23 | 23.5
Invocations    | 1 4 8 10 14 | 14.0
Necromancy     | 3 4 6 7 8 |  8.0
Stealth        | |  1.5
Spellcasting   | |  1.3
Conjurations   | |  0.6
Air Magic      | |  2.1

Action                   |  1- 3 |  4- 6 |  7- 9 | 10-12 | 13-15 | 16-18 | 19-21 || total
-------------------------+-------+-------+-------+-------+-------+-------+-------++-------
Melee: Unarmed           |     8 |       |       |       |       |       |       ||     8
       Dagger            |   142 |   123 |       |       |       |       |       ||   265
       Headbutt          |    17 |    28 |    45 |   181 |   186 |   341 |    39 ||   837
       Quarterstaff      |       |   103 |   165 |       |    20 |       |       ||   288
       War axe           |       |       |   111 |       |       |       |       ||   111
       Hand axe          |       |       |    10 |   760 |       |       |       ||   770
       Executioner's axe |       |       |       |    82 |   150 |    10 |       ||   242
       Broad axe         |       |       |       |    41 |   695 |  1351 |   180 ||  2267
       Battleaxe         |       |       |       |     6 |    16 |       |       ||    22
 Fire: Blowgun           |       |     7 |       |       |       |       |       ||     7
Invok: Heroism           |       |       |       |     3 |     1 |     1 |     1 ||     6
Evoke: Wand              |       |       |       |     1 |     2 |     2 |     2 ||     7
       Phial of floods   |       |       |       |       |     1 |       |     1 ||     2
  Use: Scroll            |     7 |     4 |     8 |     9 |     9 |     5 |     4 ||    46
       Potion            |       |     1 |     1 |     2 |     6 |     5 |     3 ||    18
 Stab: Sleeping          |     1 |       |       |       |       |       |       ||     1
       Petrifying        |       |       |     2 |       |       |       |       ||     2
       Invisible         |       |       |       |       |     5 |       |       ||     5
       Distracted        |       |       |       |       |       |     1 |       ||     1
       Confused          |       |       |       |       |       |       |     1 ||     1
  Eat: Chunk             |     2 |    10 |    20 |    17 |    30 |    50 |     1 ||   130
       Ration            |       |       |     1 |       |       |       |       ||     1
Armor: Robe              |     1 |       |       |       |       |       |       ||     1
       Plate armour      |   133 |   271 |   296 |   468 |       |       |       ||  1168
       Chain mail        |       |       |       |    21 |   463 |   552 |   112 ||  1148
       Skin              |       |       |       |       |     7 |       |       ||     7
Dodge: Dodged            |    36 |    55 |    83 |   181 |   329 |   434 |    84 ||  1202
       Deflected         |       |       |       |       |     2 |    73 |     6 ||    81
Block: Shield            |       |       |    66 |   342 |   229 |   312 |       ||   949
       Large shield      |       |       |       |       |       |   711 |   221 ||   932
       Reflection        |       |       |       |       |       |    75 |    21 ||    96

Table legend:
 A = Spawn XP
 B = Non-spawn XP
 C = Spawn XP percentage of total XP
 D = Spawn monster count
 E = Non-spawn monster count
 F = Spawn count percentage of total count
 G = Total turns spent on level
                    A         B        C        D         E        F      G
               +---------+---------+-------+---------+---------+-------+---------
         Total |   13809 |  360033 |   3.7 |      27 |    1203 |   2.2 | 39338
               +---------+---------+-------+---------+---------+-------+---------
           D:1 |       0 |      61 |   0.0 |       0 |      27 |   0.0 |  1288
           D:2 |       0 |     267 |   0.0 |       0 |      31 |   0.0 |  1669
           D:3 |       0 |     102 |   0.0 |       0 |      22 |   0.0 |  1074
           D:4 |       0 |     312 |   0.0 |       0 |      10 |   0.0 |  1001
           D:5 |       0 |     772 |   0.0 |       0 |      20 |   0.0 |   830
           D:6 |       0 |     408 |   0.0 |       0 |      10 |   0.0 |   706
           D:7 |       0 |     697 |   0.0 |       0 |      10 |   0.0 |  1190
           D:8 |       0 |    2419 |   0.0 |       0 |      40 |   0.0 |  1101
           D:9 |       0 |    2169 |   0.0 |       0 |      28 |   0.0 |   907
          D:10 |       0 |    2162 |   0.0 |       0 |      30 |   0.0 |   776
          D:11 |       0 |     949 |   0.0 |       0 |      17 |   0.0 |   274
          D:12 |       0 |    6061 |   0.0 |       0 |      62 |   0.0 |  1623
          D:13 |       0 |   11858 |   0.0 |       0 |      45 |   0.0 |  1547
          D:14 |       0 |   23429 |   0.0 |       0 |      64 |   0.0 |  1296
          D:15 |       0 |   11520 |   0.0 |       0 |      27 |   0.0 |   982
        Lair:1 |       0 |    6445 |   0.0 |       0 |      25 |   0.0 |   827
        Lair:2 |       0 |    1903 |   0.0 |       0 |      15 |   0.0 |   680
        Lair:3 |       0 |    6133 |   0.0 |       0 |      23 |   0.0 |   815
        Lair:4 |       0 |    4000 |   0.0 |       0 |      15 |   0.0 |   957
        Lair:5 |       0 |    5631 |   0.0 |       0 |      21 |   0.0 |   764
        Lair:6 |       0 |   17737 |   0.0 |       0 |      69 |   0.0 |  1564
       Snake:1 |       0 |   16352 |   0.0 |       0 |      37 |   0.0 |  1773
       Snake:2 |       0 |   21967 |   0.0 |       0 |      44 |   0.0 |  1462
       Snake:3 |       0 |   24123 |   0.0 |       0 |      48 |   0.0 |  1568
       Snake:4 |       0 |   45440 |   0.0 |       0 |      75 |   0.0 |  2630
         Orc:1 |       0 |    7919 |   0.0 |       0 |      69 |   0.0 |   925
         Orc:2 |       0 |   14253 |   0.0 |       0 |      79 |   0.0 |  2335
      Vaults:1 |       0 |   33912 |   0.0 |       0 |      60 |   0.0 |  1402
      Vaults:2 |       0 |   50698 |   0.0 |       0 |      87 |   0.0 |  1766
      Vaults:3 |     469 |   24671 |   1.9 |       1 |      32 |   3.0 |   822
       Abyss:2 |   13340 |    1457 |  90.2 |      26 |       5 |  83.9 |   515
           Lab |       0 |    1192 |   0.0 |       0 |       1 |   0.0 |   457
         IceCv |       0 |   13014 |   0.0 |       0 |      55 |   0.0 |  1812
               +---------+---------+-------+---------+---------+-------+---------
